 Dungeon Crawl Stone Soup version 0.26-a0-1053-gaff5f71418 (webtiles) character file.

Game seed: 17410038631194482891

142 belegose the Ogre Mage (level 5, 0/53 HPs)
             Began as an Ogre Transmuter on Dec 12, 2020.
             Slain by a bullfrog skeleton (7 damage)
             ... on level 3 of the Dungeon.
             The game lasted 00:06:42 (3047 turns).

belegose the Ogre Mage (Ogre Transmuter)            Turns: 3047, Time: 00:06:42

Health: 0/53       AC:  3    Str: 14    XL:     5   Next: 24%
Magic:  10/10      EV: 10    Int: 21    God:
Gold:   73         SH:  0    Dex:  9    Spells: 6/10 levels left

rFire    . . .     SeeInvis .     - Unarmed
rCold    . . .     Faith    .   (no shield)
rNeg     . . .     Spirit   .   b - +0 robe
rPois    .         Reflect  .   (helmet currently unavailable)
rElec    .         Harm     .   (no cloak)
rCorr    .         Rampage  .   (gloves unavailable)
Will     .....                  (boots unavailable)
Stlth    +.........             (no amulet)
HPRegen  0.17/turn              m - +6 ring of intelligence
MPRegen  0.12/turn              (no ring)

@: appendages (expiring)
A: large, unfitting armour, horns 2, talons 2, tough skin 1
a: End Transformation


You were on level 3 of the Dungeon.
You had grown temporary horns.
You had grown temporary talons.
You visited 1 branch of the dungeon, and saw 3 of its levels.

You collected 73 gold pieces.

Inventory:

Hand Weapons
 a - a +0 hunting sling
 q - a +1 short sword of electrocution
Missiles
 c - 163 stones (quivered ammo)
 d - 7 javelins
 k - 21 poisoned darts
Armour
 b - a +0 robe (worn)
Jewellery
 m - a +6 ring of intelligence (left hand)
 o - an uncursed ring of fire
Wands
 t - a wand of random effects (23)
Scrolls
 f - a scroll of blinking {unknown}
 j - 2 scrolls of teleportation {unknown}
 l - a scroll of remove curse {unknown}
 p - 2 scrolls of magic mapping {unknown}
 r - a scroll of fog {unknown}
 s - a scroll of fear {unknown}
Potions
 e - a potion of magic {unknown}
 g - a potion of brilliance {unknown}
 h - 2 potions of haste {unknown}
 i - a potion of lignification {unknown}
 n - a potion of resistance {unknown}


   Skills:
 + Level 3.0 Fighting
 + Level 1.7 Throwing
 - Level 1.7 Dodging
 + Level 3.2 Unarmed Combat
 + Level 3.4 Spellcasting
 + Level 2.5 Transmutations
 + Level 0.7 Poison Magic


You had 6 spell levels left.
You knew the following spells:

 Your Spells              Type           Power        Failure   Level
a - Beastly Appendage     Tmut           ##....       4%          1
b - Spider Form           Tmut/Pois      ##........   19%         3

Your spell library contained the following spells:

 Spells                   Type           Power        Failure   Level
 Wereblood                Tmut           ##......     7%          2
 Ice Form                 Ice/Tmut       #.......     58%         4
 Blade Hands              Tmut           ##........   77%         5


Dungeon Overview and Level Annotations

Branches:
Dungeon (3/15)

Altars:
Xom

Annotations:
D:1 1 runed translucent door


Innate Abilities, Weirdness & Mutations

You are too large for most types of armour.
You have tough skin. (AC +1)
You have a pair of horns on your head.
You have razor-sharp toenails.


Message History

You claw the bullfrog skeleton, but do no damage.
The bullfrog skeleton is heavily damaged.
Your transformation is almost over.
The bullfrog skeleton barely misses you.
The bullfrog skeleton closely misses you.
You barely miss the bullfrog skeleton. Your kick misses the bullfrog skeleton.
Your headbutt misses the bullfrog skeleton.
The bullfrog skeleton is heavily damaged.
The bullfrog skeleton hits you but does no damage.
You barely miss the bullfrog skeleton.
The bullfrog skeleton is heavily damaged.
The bullfrog skeleton completely misses you.
You hit the bullfrog skeleton.
The bullfrog skeleton is heavily damaged.
The bullfrog skeleton hits you.
* * * LOW HITPOINT WARNING * * *
You punch the bullfrog skeleton! You claw the bullfrog skeleton.
The bullfrog skeleton is almost destroyed.
The bullfrog skeleton hits you!
You die...

#.#####.. #.......
##...... ......# #....#
####....######## ###
### #...<..?......?
..#.#.. #.##...))...#
#.#.#.# #....Z@..####
#.#.#.#
.............###.#.#.#
##.#..........##.#.#.#
#.#..........##.#.#.###
#.#.#....###.##>#.#....
#.#.#....# #.##....###.
.......# #.##.....##.
.......## #.##........
.####### #.##...#.##.


You could see a bullfrog skeleton.

Vanquished Creatures
  A hound skeleton (D:3)
  Robin (D:3)
  A gnoll (D:1)
  2 adders
  An ooze (D:1)
  A worm (D:2)
  4 dart slugs (D:2)
  A leopard gecko (D:2)
  2 orcs (D:3)
  2 giant cockroaches (D:3)
  17 goblins
  11 hobgoblins
  12 bats
  3 frilled lizards
  5 kobolds
  6 rats
70 creatures vanquished.

Vanquished Creatures (others)
  2 plants (D:2)
2 creatures vanquished.

Grand Total: 72 creatures vanquished

Notes
Turn   | Place    | Note
-------+----------+-------------------------------------------
     0 | D:1      | belegose the Ogre Transmuter began the quest for the Orb.
     0 | D:1      | Reached XP level 1. HP: 19/19 MP: 3/3
     2 | D:1      | Found a runed translucent door.
   135 | D:1      | Reached XP level 2. HP: 28/28 MP: 3/5
   385 | D:1      | Reached XP level 3. HP: 35/35 MP: 5/7
   539 | D:1      | Reached skill level 1 in Throwing
  1134 | D:2      | Found a shimmering altar of Xom.
  1212 | D:2      | Reached XP level 4. HP: 38/44 MP: 6/8
  1301 | D:2      | Learned a level 3 spell: Spider Form
  2381 | D:3      | Noticed Robin
  2399 | D:3      | Reached XP level 5. HP: 44/50 MP: 7/9
  2812 | D:3      | Killed Robin
  3047 | D:3      | Slain by a bullfrog skeleton

Illustrated notes

Levels and vault maps discovered:
D:1:      dpeg_arrival_caged_fury, layout_basic, serial_curves, eino_curves_04,
          eino_curves_01, eino_curves_01, serial_park_tiny_2
D:2:      layout_rooms, old_standard_altar, serial_bayou, serial_bayou_pond_d,
          serial_bayou_pond_b, serial_bayou_ford_a, serial_bayou_shore_a
D:3:      layout_loops_ring, hangedman_decor_growths, uniq_robin

Skill      XL: |  1  2  3  4  5 |
---------------+----------------+-----
Fighting       | 2 3 |  3.0
Transmutations | 2 |  2.5
Throwing       | 1 |  1.7
Unarmed Combat | 3 |  3.2
Spellcasting   | 3 |  3.4
Dodging        | |  1.7
Poison Magic   | |  0.7

Action                   |  1- 3 |  4- 6 || total
-------------------------+-------+-------++-------
Melee: Unarmed           |    85 |   106 ||   191
       Kick              |    12 |    15 ||    27
       Punch             |     1 |       ||     1
       Headbutt          |    11 |     7 ||    18
 Fire: Hunting sling     |       |     1 ||     1
 Cast: Beastly Appendage |    20 |    18 ||    38
 Stab: Sleeping          |     1 |       ||     1
Armor: Robe              |    22 |    33 ||    55
Dodge: Dodged            |    48 |    57 ||   105

Table legend: (Time is in decaauts)
 A = Elapsed time spent in this place.
 B = Non-inter-level travel time spent in this place.
 C = Inter-level travel time spent in this place.
 D = Time resting spent in this place.
 E = Time spent auto-exploring this place.
 F = Levels seen in this place.
 G = Mean time per level.
                   A        B        C        D        E       F      G
               +--------+--------+--------+--------+--------+-----+--------+
         Total |   3063 |   2896 |    167 |    863 |   1277 |   3 | 1021.0 |
       Dungeon |   3063 |   2896 |    167 |    863 |   1277 |   3 | 1021.0 |
               +--------+--------+--------+--------+--------+-----+--------+

Top non-repeatable levels by time:
     D:2: 1437 daAuts
     D:1: 977 daAuts
     D:3: 648 daAuts
